 Dungeon Crawl Stone Soup version 0.30-a0-802-gb92711bcdf (console) character file.

Game seed: 353852851072519192

20982 jejorda2 the Impaler (level 12, -1/95 HPs)
             Began as a Merfolk Berserker on Feb 24, 2023.
             Was an Elder of Trog.
             Slain by an orc warrior
             ... wielding a +0 battleaxe
              (13 damage)
             ... on level 12 of the Dungeon.
             The game lasted 00:30:38 (10820 turns).

jejorda2 the Impaler (Merfolk Berserker)           Turns: 10820, Time: 00:30:39

Health: -1/95      AC: 18    Str: 22    XL:     12   Next: 85%
Magic:  12/12      EV:  7    Int:  7    God:    Trog [****..]
Gold:   682        SH:  0    Dex: 13    Spells: 11/11 levels left

rFire   . . .      SeeInvis .    a - +4 halberd (venom)
rCold   + . .      Faith    .    (shield currently unavailable)
rNeg    . . .      Spirit   .    E - +0 plate armour
rPois   +          Reflect  .    s - +2 helmet
rElec   .          Harm     .    o - +1 cloak
rCorr   .          Rampage  .    (no gloves)
Will    ++...                    (no boots) Stlth
                                 q - amulet of regeneration
HPRegen 2.15/turn                w - ring of protection from cold
MPRegen 0.13/turn                j - ring of poison resistance

@: strong-willed, regenerating
A: (nimble swimmer 2), mertail
a: Renounce Religion, Berserk, Trog's Hand, Brothers in Arms


You were on level 12 of the Dungeon.
You worshipped Trog.
Trog was greatly pleased with you.
You visited 1 branch of the dungeon, and saw 12 of its levels.
You also visited: Bailey.

You collected 969 gold pieces.
You spent 287 gold pieces at shops.

Inventory:

Hand Weapons
 a - a +4 halberd of venom (weapon)
 b - a +4 trident
 G - a +0 glaive
Missiles
 f - 11 boomerangs
 g - 51 stones
 r - 30 poisoned darts (quivered)
 B - 3 curare-tipped darts
 C - 7 javelins
 D - 2 throwing nets
Armour
 o - a +1 cloak (worn)
 s - a +2 helmet (worn)
 E - a +0 plate armour (worn)
Jewellery
 i - a ring of positive energy
 j - a ring of poison resistance (right hand)
 q - an amulet of regeneration (around neck)
 w - a ring of protection from cold (left hand)
 H - a ring of willpower
Wands
 d - a wand of iceblast (2)
 n - a wand of digging (4)
 y - a wand of acid (15)
 A - a wand of charming (7)
Scrolls
 k - a scroll of teleportation
 l - 3 scrolls of enchant weapon
 z - 3 scrolls of fog
Potions
 c - a potion of cancellation
 e - 5 potions of flight
 h - 4 potions of haste
 m - 2 potions of attraction
 p - 2 potions of invisibility
 t - 3 potions of curing
 u - 2 potions of might
 v - a potion of resistance {unknown}
 x - 3 potions of lignification


   Skills:
 + Level 9.0 Fighting
 - Level 20.0 Polearms
 + Level 6.9 Throwing
 - Level 6.0 Armour
 - Level 2.6 Dodging
 + Level 5.9 Evocations


You had 11 spell levels left.
You didn't know any spells.
Your spell library was empty.

Dungeon Overview and Level Annotations

Branches:
Dungeon (12/15)            Temple (0/1) D:5            Lair (0/5) D:10
 Bailey (visited)
    Orc: D:9-12

Altars:
Ashenzari
Elyvilon
Gozag
Nemelex Xobeh
Qazlal
Sif Muna
Trog
Yredelemnul
Zin
The Shining One

Shops:
D:2 [??:   D:8 *

Annotations:
D:12 Azrael


Innate Abilities, Weirdness & Mutations

((You are very nimble when in or above water. (Stealth+, EV+, Speed+++)))
Your lower body shifts to a powerful aquatic tail in water.


Message History

You slice the fire elemental!!
You destroy the fire elemental!
Trog accepts your kill. The fire elemental barely misses you.
Your Fighting skill increases to level 9!
You slice the fire elemental!!
The fire elemental is severely damaged.
The fire elemental hits you. The fire elemental burns you!
You hit the fire elemental.
The fire elemental is severely damaged.
You feel yourself speed up. The fire elemental barely misses you.
A fire elemental comes into view.
You slice the fire elemental!!
You destroy the fire elemental!
Trog accepts your kill.
A fire elemental comes into view.
Okay, then.
Unknown command.
You fail to use your ability.
The fire elemental hits you. The fire elemental burns you!
You fail to use your ability.
The fire elemental hits you. The fire elemental burns you!
The fire elemental closely misses you.
You impale the fire elemental!!
The fire elemental is almost destroyed.
Azrael gestures at you.
The bolt of fire hits the fire elemental.
The fire elemental completely resists.
The bolt of fire hits you!!
* * * LOW HITPOINT WARNING * * *
The fire elemental hits you. The fire elemental burns you!
* * * LOW HITPOINT WARNING * * *
Okay, then.
Unknown command.
As you read the scroll of teleportation, it crumbles to dust.
You feel strangely unstable. The fire elemental barely misses you.
The fire elemental barely misses you.
You recover from your berserk rage.
Your surroundings suddenly seem different.
The orc warrior hits you with a +0 battleaxe!
You die...

#.......#
######'## #.
#.# ##. .#
#.# # #.. .#
#.# #. .. .#
#.# #.##. #.#
## #.#
#..#.#).#..#'
#.#
#.......'....
#.# #..)@†###
#.#
##..o##.##
#.#
#..○#○☼.###
#.#
##.○.REE..#
##.#
######.###
#..# #..#
#.## #.## #.#
#.# #.# #.#


You could see an orc warrior.

Vanquished Creatures
  4 two-headed ogres
  3 boulder beetles
  3 death yaks (D:10)
  Urug (D:11)
  An ugly thing (D:12)
  A cyclops (D:11)
  A manticore (D:12)
  Maurice (D:12)
  2 unseen horrors
  Maggie (D:7)
  3 trolls
  A wraith (D:12)
  38 yaks
  2 wyverns (D:9)
  2 fire elementals (D:12)
  3 vampire mosquitoes (D:12)
  Grum (Bailey)
  An acid dragon (D:12)
  2 water moccasins
  A hell hound (D:12)
  3 orc warriors
  An ice beast (D:7)
  A sky beast (D:6)
  10 centaurs
  An ogre (D:5)
  4 wolves (Bailey)
  2 phantoms
  4 kobold brigands
  2 bullfrogs
  7 gnoll sergeants (Bailey)
  2 scorpions (D:5)
  7 wights
  3 killer bees (D:10)
  3 hounds
  4 jellies
  7 gnoll boudas
  5 orc priests
  Crazy Yiuf (D:3)
  4 iguanas
  11 orc wizards
  Robin (D:3)
  19 gnolls
  4 adders
  3 white imps
  A worm (D:2)
  37 orcs
  9 ball pythons
  6 endoplasms
  2 giant cockroaches (D:1)
  14 goblins
  12 hobgoblins
  10 jackals
  3 quokkas
  8 bats
  5 frilled lizards
  25 kobolds
  7 rats
320 creatures vanquished.

Notes
Turn   | Place    | Note
-------+----------+-------------------------------------------
     0 | D:1      | jejorda2 the Merfolk Berserker began the quest for the Orb.
     0 | D:1      | Reached XP level 1. HP: 18/18 MP: 1/1
   247 | D:1      | Reached XP level 2. HP: 21/24 MP: 2/2
   296 | D:1      | Found a faded altar of an unknown god.
   534 | D:1      | Reached ** piety under Trog
   551 | D:1      | Reached skill level 5 in Polearms
   590 | D:1      | Reached XP level 3. HP: 27/30 MP: 3/3
  1069 | D:2      | Found Edurch's Book Boutique.
  1235 | D:2      | Found Fonu's Magic Scroll Boutique.
  1237 | D:2      | Found Wiat's Magic Scroll Boutique.
  1240 | D:2      | Bought a scroll of teleportation for 42 gold pieces
  1278 | D:2      | Found Boat's Antique Armour Shoppe.
  1376 | D:2      | Reached XP level 4. HP: 37/37 MP: 4/4
  1718 | D:3      | Reached skill level 6 in Polearms
  1909 | D:3      | Found a runed translucent door.
  1910 | D:3      | Noticed Crazy Yiuf
  1917 | D:3      | Killed Crazy Yiuf
  1918 | D:3      | Reached XP level 5. HP: 43/43 MP: 5/5
  1994 | D:3      | Found a shimmering blue altar of Sif Muna.
  1994 | D:3      | Found an opulent altar of Gozag.
  2003 | D:3      | Noticed Robin
  2039 | D:3      | Killed Robin
  2042 | D:3      | Reached *** piety under Trog
  2098 | D:3      | Reached skill level 7 in Polearms
  2555 | D:4      | Found a stormy altar of Qazlal.
  2673 | D:4      | Found a glowing golden altar of the Shining One.
  2754 | D:4      | Found a glowing silver altar of Zin.
  2754 | D:4      | Noticed an angel
  2850 | D:5      | Entered Level 5 of the Dungeon
  2979 | D:5      | Reached XP level 6. HP: 50/50 MP: 6/6
  3038 | D:5      | Reached skill level 5 in Fighting
  3038 | D:5      | Reached skill level 8 in Polearms
  3109 | D:5      | Reached XP level 7. HP: 56/56 MP: 7/7
  3132 | D:5      | Reached skill level 9 in Polearms
  3348 | D:5      | Found a staircase to the Ecumenical Temple.
  3813 | D:2      | Bought a runed helmet for 157 gold pieces
  3954 | D:6      | Reached skill level 10 in Polearms
  4091 | D:6      | Reached XP level 8. HP: 64/64 MP: 8/8
  4422 | D:6      | Found a bloodstained altar of Trog.
  4459 | D:6      | Noticed a two-headed ogre
  4476 | D:6      | Killed a two-headed ogre
  4477 | D:6      | Reached skill level 12 in Polearms
  4477 | D:6      | Reached XP level 9. HP: 69/69 MP: 9/9
  5168 | D:7      | Reached skill level 13 in Polearms
  5592 | D:7      | Noticed Maggie
  5604 | D:7      | Killed Maggie
  5605 | D:7      | Reached skill level 14 in Polearms
  6067 | D:8      | Found a basalt altar of Yredelemnul.
  6088 | D:8      | Found Jaisum's Assorted Antiques.
  6176 | D:8      | Bought a sapphire potion for 22 gold pieces
  6176 | D:8      | Bought a black potion for 22 gold pieces
  6176 | D:8      | Bought a dark potion for 22 gold pieces
  6176 | D:8      | Bought a yellow potion for 22 gold pieces
  6459 | D:8      | Found a sparkling altar of Nemelex Xobeh.
  6497 | D:8      | Reached **** piety under Trog
  6498 | D:8      | Reached skill level 5 in Armour
  6652 | D:8      | Reached skill level 1 in Throwing
  6652 | D:8      | Reached XP level 10. HP: 76/76 MP: 10/10
  6793 | D:9      | Reached skill level 15 in Polearms
  7088 | D:9      | Found a flagged portal.
  7116 | Bailey   | Entered a bailey
  7257 | Bailey   | Reached skill level 16 in Polearms
  7328 | Bailey   | Noticed Grum
  7341 | Bailey   | Killed Grum
  7491 | Bailey   | Identified the +8 scimitar of Doom {heavy, rF+ Int+2}
  7492 | Bailey   | Identified the ring "Ungucig" {Will+ Str-4 Int+6 Stlth+}
  7508 | Bailey   | Reached skill level 5 in Throwing
  7567 | Bailey   | Reached XP level 11. HP: 81/81 MP: 11/11
  7876 | D:9      | Noticed a two-headed ogre
  7896 | D:9      | Killed a two-headed ogre
  7897 | D:9      | Reached skill level 17 in Polearms
  8321 | D:9      | Found a broken altar of Ashenzari.
  8577 | D:10     | Entered Level 10 of the Dungeon
  8686 | D:10     | Found a white marble altar of Elyvilon.
  8786 | D:10     | Identified the +1 scale mail of Courage {Fly rElec}
  8844 | D:10     | Noticed a two-headed ogre
  8854 | D:10     | Killed a two-headed ogre
  8855 | D:10     | Reached skill level 18 in Polearms
  8927 | D:10     | Noticed a death yak
  8931 | D:10     | Noticed a death yak
  8932 | D:10     | Found a staircase to the Lair.
  8932 | D:10     | Noticed a death yak
  8980 | D:10     | Reached skill level 1 in Evocations
  8983 | D:10     | Killed a death yak
  9053 | D:10     | Killed a death yak
  9056 | D:10     | Killed a death yak
  9075 | D:10     | Reached skill level 19 in Polearms
  9079 | D:10     | Reached XP level 12. HP: 67/91 MP: 12/12
  9408 | D:11     | Noticed a two-headed ogre
  9420 | D:11     | Killed a two-headed ogre
  9545 | D:11     | Noticed Urug
  9568 | D:11     | Killed Urug
  9898 | D:11     | Identified the amulet "Zigir" {Reflect +Inv rElec rC- SH+5}
  9917 | D:11     | Noticed a boulder beetle
  9949 | D:11     | Killed a boulder beetle
 10238 | D:12     | Noticed a boulder beetle
 10246 | D:12     | Killed a boulder beetle
 10247 | D:12     | Reached skill level 20 in Polearms
 10247 | D:12     | Reached skill level 5 in Evocations
 10444 | D:12     | Noticed Maurice
 10455 | D:12     | Killed Maurice
 10760 | D:12     | Noticed a boulder beetle
 10775 | D:12     | Killed a boulder beetle
 10798 | D:12     | Noticed Azrael
 10815 | D:12     | HP: 2/95 [fire elemental[Azrael] (10)]
 10820 | D:12     | Slain by an orc warrior

Illustrated notes

Levels and vault maps discovered:
D:1:      dpeg_arrival_short_road, layout_loops_ring,
          hellmonk_ecumenical_altar_zigzags, minmay_cut_off
D:2:      layout_basic, serial_shops, shop, shop_fountains,
          nicolae_shop_statue_plus, nicolae_shop_stone
D:3:      layout_rooms, gammafunk_temple_overflow_wave, uniq_crazy_yiuf_cottage,
          uniq_robin
D:4:      layout_loops_ring, nicolae_qazlal_eye_of_the_storm, zin_angel,
          lemuel_coloured_pillars_altar, nicolae_elevator_lobby_plus
D:5:      layout_rooms, temple_hall
D:6:      layout_basic, mainiacjoe_overflow_chevrons, minmay_misc_feat_alley
D:7:      layout_loops_cross, grunt_ministairs_9, nicolae_figureground_pulse,
          uniq_maggie
D:8:      layout_basic, mainiacjoe_overflow_boulevard,
          mainiacjoe_overflow_small_starburst, nicolae_wooded_promenade
D:9:      layout_gridville, kennysheep_mini_moat, enter_bailey_3
D:10:     layout_cave_pools, marbit_many_paths, dpeg_lair_monsters,
          grunt_decor_fettered
D:11:     layout_roguey, uniq_urug
D:12:     layout_roguey, david_orc_1_choice, uniq_azrael, uniq_maurice

Skill      XL: |  1  2  3  4  5  6  7  8  9 10 11 12 |
---------------+-------------------------------------+-----
Polearms       | 5 6 7 8 10 12 14 16 19 20 | 20.0
Fighting       | 4 5 6 7 9 |  9.0
Armour         | 2 3 5 6 |  6.0
Throwing       | 1 5 6 |  6.9
Evocations     | 3 5 |  5.9
Dodging        | |  2.6

Action                     |  1- 3 |  4- 6 |  7- 9 | 10-12 || total
---------------------------+-------+-------+-------+-------++-------
  Melee: Spear             |   139 |   186 |    91 |       ||   416
         Punch             |       |     3 |     6 |     2 ||    11
         Trident           |       |       |   284 |    78 ||   362
         Glaive            |       |       |       |   145 ||   145
         Halberd           |       |       |       |   356 ||   356
         Tailslap          |       |       |       |     3 ||     3
  Throw: Stone             |       |     1 |    12 |    18 ||    31
         Dart              |       |       |       |    11 ||    11
         Javelin           |       |       |       |     4 ||     4
 Invoke: Berserk           |     1 |     4 |    10 |    14 ||    29
         Trog's Hand       |       |     1 |     5 |     7 ||    13
  Evoke: Wand              |       |       |       |     1 ||     1
    Use: Scroll            |       |     7 |     2 |    17 ||    26
         Potion            |       |       |     2 |       ||     2
 Armour: Chain mail        |    61 |    65 |   151 |    57 ||   334
         Plate armour      |       |       |       |   233 ||   233
  Dodge: Dodged            |    27 |    69 |    86 |   189 ||   371

Table legend: (Time is in decaauts)
 A = Elapsed time spent in this place.
 B = Non-inter-level travel time spent in this place.
 C = Inter-level travel time spent in this place.
 D = Time resting spent in this place.
 E = Time spent auto-exploring this place.
 F = Levels seen in this place.
 G = Mean time per level.
                   A        B        C        D        E       F      G
               +--------+--------+--------+--------+--------+-----+--------+
         Total |  10627 |  10144 |    483 |   1511 |   6224 |  13 |  817.5 |
       Dungeon |  10047 |   9564 |    483 |   1394 |   6123 |  12 |  837.2 |
        Bailey |    579 |    579 |      0 |    117 |    100 |   1 |  579.0 |
               +--------+--------+--------+--------+--------+-----+--------+

Top non-repeatable levels by time:
     D:6: 1216 daAuts
     D:9: 1119 daAuts
     D:1: 961 daAuts
     D:5: 885 daAuts
    D:11: 848 daAuts
     D:8: 829 daAuts
     D:4: 801 daAuts
     D:7: 800 daAuts
    D:10: 788 daAuts
     D:3: 623 daAuts
     D:2: 613 daAuts
  Bailey: 579 daAuts
    D:12: 559 daAuts
